 Dungeon Crawl Stone Soup version 0.27-a0-67-g4bfc8a49e1 (webtiles) character file.

Game seed: 2500871266832179375

1066 Borgoz the Slasher (level 8, -2/54 HPs)
             Began as a Halfling Fighter on Jan 9, 2021.
             Killed from afar by an orc warrior (11 damage)
             ... with a puff of flame
             ... on level 6 of the Dungeon.
             The game lasted 00:08:01 (6957 turns).

Borgoz the Slasher (Halfling Fighter)               Turns: 6957, Time: 00:08:01

Health: -2/54      AC:  9    Str: 17    XL:     8   Next: 53%
Magic:  8/8        EV: 24    Int:  6    God:
Gold:   235        SH: 10    Dex: 16    Spells: 7/7 levels left

rFire    . . .     SeeInvis .   a - +1 long sword
rCold    . . .     Faith    .   c - +0 kite shield
rNeg     . . .     Spirit   .   j - +0 scale mail
rPois    .         Reflect  .   (no helmet)
rElec    .         Harm     .   h - +1 cloak
rCorr    .         Rampage  .   (no gloves)
Will     .....     Rnd*Tele +   (no boots)
Stlth    ..........             q - amulet of the acrobat
HPRegen  0.18/turn              o - ring of teleportation (curse)
MPRegen  0.11/turn              (no ring)

@: acrobat
A: small, mutation resistance 1
a: no special abilities


You were on level 6 of the Dungeon.
You visited 1 branch of the dungeon, and saw 6 of its levels.

You collected 235 gold pieces.

Inventory:

Hand Weapons
 a - a +1 long sword (weapon)
 b - a +1 rapier of speed
Armour
 c - a +0 kite shield (worn)
 h - a +1 cloak (worn)
 j - a +0 scale mail (worn)
Jewellery
 f - an uncursed amulet of faith
 k - an uncursed amulet of reflection
 l - an uncursed ring of ice
 o - a cursed ring of teleportation (left hand)
 q - an amulet of the acrobat (around neck)
Wands
 m - a wand of paralysis (12)
 r - a wand of enslavement (3)
Scrolls
 g - a scroll of enchant armour
 i - a scroll of enchant weapon
 p - 3 scrolls of fear
 s - 4 scrolls of blinking
 t - 2 scrolls of remove curse {unknown}
Potions
 d - 3 potions of might
 e - 2 potions of curing
 n - 5 potions of flight


   Skills:
 + Level 4.6 Fighting
 * Level 6.3 Long Blades
 + Level 5.6 Armour
 + Level 5.6 Shields


You had 7 spell levels left.
You didn't know any spells.
Your spell library was empty.

Dungeon Overview and Level Annotations

Branches:
Dungeon (6/15)
 Temple: D:4-7

Altars:
Elyvilon
Qazlal
Ru
Sif Muna
Uskayaw
The Shining One


Innate Abilities, Weirdness & Mutations

You are small and have problems with some larger weapons.
You are somewhat resistant to further mutation.


Message History

You hit the orc warrior.
The orc warrior is lightly wounded.
The orc warrior hits you with a +0 trident.
You hit the orc warrior but do no damage.
The orc warrior is lightly wounded.
The orc warrior closely misses you.
Your shield and scale mail prevent you from hitting the orc warrior.
The orc warrior is lightly wounded.
You block the orc warrior's attack.
Your shield and scale mail prevent you from hitting the orc warrior.
The orc warrior is lightly wounded.
The orc warrior zaps a wand.
The puff of flame hits you!
You hit the orc warrior but do no damage.
The orc warrior is lightly wounded.
The orc warrior hits you with a +0 trident!
* * * LOW HITPOINT WARNING * * *
The orc warrior closely misses you.
The orc warrior zaps a wand.
You block the puff of flame.
The orc warrior zaps a wand.
The puff of flame hits you!
You die...

. ####.##..#.........>... ..
........# #...........# ...
........# #............ ....
.........##............ ....
........#.............. .#
..........###.#........ ##.#
......o...#............
#..### #†.).............
.....#.......#..@<...........
................).........###
....# ............#..#...##
....# ...##.##.#.##.##...#
....# .. ...#....#... ....
....#[. .......... .#. #.
...... ..##........##.#
#.##.. .# ....#..... . #.#


You could see an orc warrior.

Vanquished Creatures
  Menkaure (D:6)
  2 phantoms
  A bullfrog (D:6)
  A gnoll sergeant (D:4)
  A scorpion (D:5)
  2 hounds
  A bullfrog skeleton (D:6)
  An orc priest (D:3)
  A centaur skeleton (D:3)
  3 orc wizards
  An iguana (D:5)
  2 worker ants
  2 worker ant zombies (D:6)
  9 gnolls
  8 adders
  An ufetubus (D:5)
  3 worms
  A dart slug (D:1)
  3 leopard geckos
  9 orcs
  7 bats
  6 giant cockroaches
  8 goblins
  3 hobgoblins
  17 jackals
  2 ball pythons
  6 frilled lizards
  6 kobolds
  A quokka skeleton (D:4)
  A quokka zombie (D:5)
  3 rats (D:3)
113 creatures vanquished.

Vanquished Creatures (others)
  A quokka (D:2)
  2 plants (D:1)
3 creatures vanquished.

Grand Total: 116 creatures vanquished

Notes
Turn   | Place    | Note
-------+----------+-------------------------------------------
     0 | D:1      | Borgoz the Halfling Fighter began the quest for the Orb.
     0 | D:1      | Reached XP level 1. HP: 15/15 MP: 1/1
   246 | D:1      | Reached XP level 2. HP: 20/20 MP: 2/2
   966 | D:2      | Reached XP level 3. HP: 25/25 MP: 3/3
  1399 | D:2      | Reached XP level 4. HP: 28/31 MP: 4/4
  1401 | D:2      | Reached skill level 3 in Long Blades
  1862 | D:2      | You fall into a shaft and drop 2 floors!
  1884 | D:4      | Reached XP level 5. HP: 19/36 MP: 5/5
  2069 | D:3      | Noticed a phantom
  2425 | D:3      | Killed a phantom
  2426 | D:3      | Reached skill level 4 in Long Blades
  2426 | D:3      | Reached XP level 6. HP: 25/42 MP: 6/6
  2637 | D:2      | Found a white marble altar of Elyvilon.
  2793 | D:2      | Found a hide-covered altar of Uskayaw.
  3331 | D:3      | Found a sacrificial altar of Ru.
  3435 | D:3      | Found a stormy altar of Qazlal.
  3761 | D:4      | Reached XP level 7. HP: 42/47 MP: 7/7
  3864 | D:4      | Found a glowing golden altar of the Shining One.
  4746 | D:5      | Entered Level 5 of the Dungeon
  4779 | D:5      | Found a shimmering blue altar of Sif Muna.
  4848 | D:5      | Reached skill level 5 in Long Blades
  5411 | D:5      | Reached skill level 5 in Armour
  5411 | D:5      | Reached skill level 5 in Shields
  5656 | D:5      | HP: 2/48 [gnoll sergeant/+0 spear (3)]
  5949 | D:4      | Reached XP level 8. HP: 18/54 MP: 8/8
  6690 | D:6      | Reached skill level 6 in Long Blades
  6727 | D:6      | Noticed Menkaure
  6733 | D:6      | Killed Menkaure
  6957 | D:6      | Killed from afar by an orc warrior

Illustrated notes

Levels and vault maps discovered:
D:1:      psy_arrival_statuary, layout_basic, serial_bayou_lake_a
D:2:      layout_basic, old_standard_altar, elyvilon_altar_4
D:3:      layout_rooms, grunt_qazlal_sundering, marbit_many_paths
D:4:      layout_layer_cave, chequers_arboretum, tso_metal_star
D:5:      kb_forest_paths, layout_loops_ring, led_sif_pool
D:6:      layout_cave_pools, temple_doors_e, minmay_stone_trees_small,
          uniq_menkaure

Skill      XL: |  1  2  3  4  5  6  7  8 |
---------------+-------------------------+-----
Fighting       | 3 4 |  4.6
Long Blades    | 3 4 5 6 |  6.3
Armour         | 4 5 |  5.6
Shields        | 4 5 |  5.6

Action                   |  1- 3 |  4- 6 |  7- 9 || total
-------------------------+-------+-------+-------++-------
Melee: Long sword        |    62 |   258 |   191 ||   511
  Use: Potion            |     3 |     1 |     2 ||     6
       Scroll            |       |     4 |     7 ||    11
Armor: Scale mail        |    17 |   121 |    56 ||   194
Dodge: Dodged            |    12 |   105 |    68 ||   185
Block: Kite shield       |    35 |   297 |   133 ||   465
       Reflection        |       |     4 |     3 ||     7
       Rpst.: Long sword |     5 |    27 |    22 ||    54

Table legend: (Time is in decaauts)
 A = Elapsed time spent in this place.
 B = Non-inter-level travel time spent in this place.
 C = Inter-level travel time spent in this place.
 D = Time resting spent in this place.
 E = Time spent auto-exploring this place.
 F = Levels seen in this place.
 G = Mean time per level.
                   A        B        C        D        E       F      G
               +--------+--------+--------+--------+--------+-----+--------+
         Total |   7141 |   6946 |    195 |   2448 |   3295 |   6 | 1190.2 |
       Dungeon |   7141 |   6946 |    195 |   2448 |   3295 |   6 | 1190.2 |
               +--------+--------+--------+--------+--------+-----+--------+

Top non-repeatable levels by time:
     D:4: 1992 daAuts
     D:5: 1657 daAuts
     D:2: 1419 daAuts
     D:1: 982 daAuts
     D:3: 923 daAuts
     D:6: 166 daAuts
